 Dungeon Crawl Stone Soup version 0.15-a0-110-gb05c47c (webtiles) character file.

12941 Qrupt the Basher (level 11, -23/71 HPs)
             Began as a Demonspawn Artificer on Apr 10, 2014.
             Was an Elder of Nemelex Xobeh.
             Killed from afar by a gargoyle (29 damage)
             ... with a stone arrow
             ... on Level 10 of the Dungeon.
             The game lasted 01:37:45 (17930 turns).

Qrupt the Basher (Demonspawn Artificer)            Turns: 17930, Time: 01:37:46

HP -23/71        AC  6     Str 12      XL: 11   Next: 62%
MP   0/23        EV 17     Int 12      God: Nemelex Xobeh [****..]
Gold 482         SH  0     Dex 18      Spells:  1 memorised,  8 levels left

rFire  . . .     SeeInvis .     D - -2,+0 great mace (crush)
rCold  . . .     Clarity  .     H - +0 troll leather armour
rNeg   + . .     Conserve .     (no shield)
rPois  .         rCorr    .     C - +0 hat
rElec  .         rRot     .     v - +0 cloak
SustAb . .       Spirit   +     (no gloves)
rMut   .         Warding  +     e - +0 pair of boots
Saprov . . .     Stasis   .     B - amulet of warding
MR     .....                    (no ring)
                                (no ring)

@: sage [Crossbows], not resistant to hostile enchantments, very stealthy
A: claws 1, agile 1, nightstalker 2, weak 1, magic shield
a: Draw One, Peek at Two, Triple Draw, Deal Four, Renounce Religion


You were on level 10 of the Dungeon.
You worshipped Nemelex Xobeh.
Nemelex Xobeh was greatly pleased with you.
You were not hungry.

You visited 3 branches of the dungeon, and saw 13 of its levels.

You collected 482 gold pieces.

Inventory:

Hand weapons
 k - a +1,+2 whip of venom
 p - a +2,+1 mace of crushing
 D - a -2,+0 great mace of crushing (weapon)
 R - a +1,+1 whip of freezing
Missiles
 h - 17 poisoned needles
Armour
 e - a +0 pair of boots (worn)
 v - a +0 cloak (worn)
 y - a +0 buckler of poison resistance
 C - a +0 hat (worn)
 H - a +0 troll leather armour (worn)
Magical devices
 c - a wand of enslavement (13)
 l - a wand of enslavement (5)
 J - a wand of disintegration (8)
 L - a wand of cold (1)
 O - a wand of enslavement (15)
Comestibles
 a - 7 meat rations
 d - a choko
 f - 4 bread rations
 j - 18 cheeses
Scrolls
 i - 9 scrolls of identify
 u - 2 scrolls of enchant armour
 x - 2 scrolls of fog
 A - 4 scrolls of enchant weapon I
 E - a scroll of magic mapping
Jewellery
 o - an uncursed ring of teleportation
 s - a cursed amulet of stasis
 B - an amulet of warding (around neck)
Potions
 m - a potion of restore abilities
 q - a potion of brilliance
 r - a potion of poison
 N - a potion of paralysis
Books
 t - a book of Battle

   Spells                             Type                      Level
   Infusion                           Charms                       1
   *Shroud of Golubria                Charms/Translocation         2
   Song of Slaying                    Charms                       2
   Spectral Weapon                    Hexes/Charms                 3
   Regeneration                       Charms/Necromancy            3
 K - a book of Frost

   Spells                             Type                      Level
   Freeze                             Ice                          1
   Throw Frost                        Conjuration/Ice              2
   Ozocubu's Armour                   Charms/Ice                   3
   Throw Icicle                       Conjuration/Ice              4
   Summon Ice Beast                   Ice/Summoning                4
   Condensation Shield                Ice                          4
Miscellaneous
 g - a plain deck of dungeons {drawn: 6}
 n - a plain deck of escape
 I - a plain deck of changes {drawn: 6}
 Q - a plain deck of summonings {drawn: 2}


   Skills:
 - Level 1.6 Fighting
   Level 0.8 Short Blades
 + Level 11.3 Maces & Flails
   Level 1.5 Crossbows
 - Level 8.4 Dodging
 - Level 3.7 Stealth
 - Level 5.6 Shields
 - Level 8.7 Evocations


You had 8 spell levels left.
You knew the following spells:

 Your Spells              Type           Power        Failure   Level  Hunger
a - Shroud of Golubria    Chrm/Tloc      #.........   52%         2    ###....


Dungeon Overview and Level Annotations

Branches:
Dungeon (11/15)            Temple (1/1) D:5            Lair (1/8) D:8
    Orc: D:9-12

Altars:
Ashenzari
Cheibriados
Dithmenos
Elyvilon
Fedhas
Kikubaaqudgha
Makhleb
Nemelex Xobeh
Okawaru
Sif Muna
Trog
Vehumet
Xom
Yredelemnul
Zin
The Shining One

Shops:
D:6 (   D:8 [

Annotations:
D:10 seth's ghost, experienced FoFi
D:11 Harold


Innate Abilities, Weirdness & Mutations

You have sharp fingernails.
You are significantly more attuned to the shadows.
When hurt, damage is shared between your health and your magic reserves.
You are agile. (Dex +2)
You are weak. (Str -2)


Message History

The orc warrior throws a tomahawk.
The tomahawk hits you! The gargoyle completely misses you.
The shadow imp closely misses you.
You closely miss the gargoyle.
The gargoyle is severely damaged.
The orc warrior throws a tomahawk.
The tomahawk hits you! The shadow imp barely misses you.
The gargoyle hits you with a mace!
* * * LOW HITPOINT WARNING * * *
The orc warrior throws a tomahawk.
The tomahawk hits you!
* * * LOW HITPOINT WARNING * * *
Drink which item? (? for menu, Esc to quit)
You feel extremely strange.
You feel weaker.
Your natural healing is weakened.
Your natural healing is strengthened.
It was a potion of mutation.
The shadow imp misses you.
The orc warrior throws a tomahawk.
The tomahawk hits you!
* * * LOW HITPOINT WARNING * * *
The gargoyle hurls a stone arrow at you.
The stone arrow hits you!
You die...
Your body disappears without a glow.

######.......####'######....# #.
......)...................).# +.
............................####.
.######.####.....................
.# #.# #......######......... .#
#.# #......# #......... .#
#.####......######......... .#
#...o....9................. .#
#.######..@5............... .#
#.#....#...................
.######.#....'...................
........#|...#...................
........#####....................
.................................
.................................
.................................
#######(.........................


You could see an orc warrior, a gargoyle and a shadow imp.

Vanquished Creatures
  2 spiny frogs (Lair:1)
  Grinder (D:3)
  A komodo dragon (D:8)
  2 trolls
  Prince Ribbit (D:9)
  A two-headed ogre (D:8)
  5 blink frogs (Lair:1)
  10 yaks
  A shadow (D:10)
  A wyvern (D:10)
  A shark (D:11)
  A wraith (D:10)
  3 vampire mosquitoes (D:8)
  Grum (D:8)
  4 hippogriffs
  2 hungry ghosts
  4 wolves
  A water moccasin (D:10)
  5 phantoms
  4 orc warriors
  8 centaurs
  4 ogres
  A sky beast (D:5)
  6 giant frogs
  A yellow wasp (D:9)
  2 big kobolds (D:9)
  A crocodile (D:11)
  A giant slug (D:8)
  5 ice beasts
  A gnoll sergeant (D:9)
  A water moccasin skeleton (D:9)
  A jelly (D:8)
  An eye of draining (D:8)
  5 scorpions
  6 killer bees (D:11)
  5 wights (D:8)
  2 goliath beetles
  4 hounds
  A centaur skeleton (D:4)
  An electric eel (D:11)
  21 orc wizards
  2 crimson imps (D:6)
  Crazy Yiuf (D:3)
  2 giant frog skeletons
  11 orc priests
  5 iguanas
  6 worker ants
  An orange rat (D:10)
  A hound skeleton (D:3)
  A mummy (D:9)
  17 adders
  7 gnolls
  A gnoll zombie (D:9)
  7 green rats (D:10)
  3 shadow imps
  A giant mite (D:2)
  A worm (D:4)
  2 adder skeletons
  2 orc zombies
  2 iguana skeletons (D:6)
  3 giant eyeballs
  4 giant geckos
  An ooze (D:2)
  53 orcs
  2 ball pythons
  A bat zombie (D:8)
  3 giant cockroaches
  17 goblins
  23 hobgoblins
  9 jackals
  25 kobolds
  8 quokkas
  15 bats
  4 giant newts
  A giant spore (D:11)
  A goblin skeleton (D:4)
  A hobgoblin skeleton (D:4)
  3 orc skeletons
  21 rats
  A rat zombie (D:7)
  3 ballistomycetes (D:9)
  A fungus (D:3)
402 creatures vanquished.

Vanquished Creatures (collateral kills)
  A shark (D:11)
  An electric eel (D:11)
2 creatures vanquished.

Vanquished Creatures (others)
  An orc warrior (D:11)
  A komodo dragon skeleton (D:11)
  A killer bee (Lair:1)
  An orc (D:10)
  2 giant spores (D:9)
  3 ballistomycetes
  2 fungi (Lair:1)
  9 plants (D:8)
20 creatures vanquished.

Grand Total: 424 creatures vanquished

Notes
Turn   | Place    | Note
--------------------------------------------------------------
     0 | D:1      | Qrupt, the Demonspawn Artificer, began the quest for the Orb.
     0 | D:1      | Reached XP level 1. HP: 15/15 MP: 1/1
   199 | D:1      | Gained mutation: You are slightly more attuned to the shadows. [demonic ancestry]
   199 | D:1      | Reached XP level 2. HP: 15/21 MP: 3/3
  1161 | D:1      | Reached skill level 1 in Maces & Flails
  1260 | D:1      | Gained mutation: You have sharp fingernails. [demonic ancestry]
  1260 | D:1      | Reached XP level 3. HP: 26/26 MP: 4/4
  2256 | D:2      | Reached XP level 4. HP: 32/32 MP: 6/6
  2840 | D:3      | Noticed Grinder
  2858 | D:3      | Killed Grinder
  2858 | D:3      | Reached skill level 5 in Maces & Flails
  2858 | D:3      | Reached XP level 5. HP: 4/37 MP: 8/8
  2858 | D:3      | Gained mutation: You are significantly more attuned to the shadows. [demonic ancestry]
  2858 | D:3      | Reached XP level 6. HP: 4/43 MP: 9/9
  3124 | D:3      | Found a shattered altar of Ashenzari.
  3654 | D:3      | Noticed Crazy Yiuf
  3662 | D:3      | Killed Crazy Yiuf
  4124 | D:4      | Reached skill level 6 in Maces & Flails
  4342 | D:4      | Reached XP level 7. HP: 48/48 MP: 11/11
  4779 | D:5      | Entered Level 5 of the Dungeon
  4908 | D:5      | Reached skill level 7 in Maces & Flails
  5460 | D:5      | Found a staircase to the Ecumenical Temple.
  5478 | Temple   | Entered the Ecumenical Temple
  5705 | D:5      | Reached skill level 8 in Maces & Flails
  5752 | D:5      | Reached XP level 8. HP: 50/54 MP: 12/12
  6327 | D:6      | Reached skill level 9 in Maces & Flails
  6573 | D:6      | Found a deep blue altar of Sif Muna.
  6871 | D:6      | HP: 1/54 [ogre/giant club (22)]
  6880 | D:6      | Reached skill level 10 in Maces & Flails
  7256 | D:6      | Found Ratulaow's Antique Weapon Boutique.
  7697 | D:6      | Reached XP level 9. HP: 32/60 MP: 14/14
  8350 | D:7      | Found a burning altar of Makhleb.
  9270 | D:8      | Found a white marble altar of Elyvilon.
  9620 | D:8      | Reached skill level 5 in Dodging
  9779 | D:8      | Identified 2 scrolls of acquirement
  9849 | D:8      | Found a glowing golden altar of the Shining One.
  9955 | D:8      | Found a sparkling altar of Nemelex Xobeh.
  9980 | D:8      | Became a worshipper of Nemelex Xobeh the Trickster
  9997 | D:8      | Received a gift from Nemelex Xobeh
 10224 | D:8      | Acquired Nemelex Xobeh's first power
 10398 | D:8      | Found Mno Stre's Armour Boutique.
 10411 | D:8      | Found a staircase to the Lair.
 10599 | D:8      | Acquired Nemelex Xobeh's second power
 10741 | D:8      | XOM: potion effect (invisibility)
 10773 | D:8      | Found a snail-covered altar of Cheibriados.
 10967 | D:8      | Reached skill level 5 in Shields
 10975 | D:8      | Gained mutation: When hurt, damage is shared between your health and your magic reserves. [demonic ancestry]
 10975 | D:8      | Reached XP level 10. HP: 61/66 MP: 13/16
 11002 | D:8      | Acquired Nemelex Xobeh's third power
 11016 | D:8      | HP: 1/66 [vampire mosquito (7)]
 11448 | D:8      | Found a bloodstained altar of Trog.
 11448 | D:8      | Found a shadowy altar of Dithmenos.
 11546 | D:8      | Reached skill level 5 in Evocations
 11882 | Lair:1   | Entered Level 1 of the Lair of Beasts
 12399 | Lair:1   | Received a gift from Nemelex Xobeh
 12532 | Lair:1   | Reached skill level 1 in Stealth
 12714 | Lair:1   | Learned a level 2 spell: Shroud of Golubria
 12775 | Lair:1   | Noticed an eight-headed hydra
 12787 | Lair:1   | Noticed a black mamba
 13003 | D:9      | Noticed Grum
 13212 | D:8      | Killed Grum
 13505 | D:9      | Reached XP level 11. HP: 68/71 MP: 21/23
 13766 | D:9      | Noticed Prince Ribbit
 13785 | D:9      | Killed Prince Ribbit
 14591 | D:10     | Entered Level 10 of the Dungeon
 14719 | D:10     | Paralysed by a giant eyeball for 3 turns
 14766 | D:10     | Noticed seth's ghost (experienced FoFi)
 14801 | D:10     | Acquired Nemelex Xobeh's fourth power
 14805 | D:10     | Received a gift from Nemelex Xobeh
 14904 | D:9      | Gained mutation: Your vision is a little blurry. [helix card]
 14996 | D:9      | Lost mutation: Your vision is a little blurry. [helix card]
 15603 | D:11     | Received a gift from Nemelex Xobeh
 16515 | D:11     | Noticed Harold
 16549 | D:11     | Reached skill level 11 in Maces & Flails
 16729 | D:9      | Gained mutation: You are agile. (Dex +2) [helix card]
 16916 | Lair:1   | Reached skill level 1 in Crossbows
 16948 | Lair:1   | Paralysed by a potion of paralysis for 5 turns
 17892 | D:10     | Received a gift from Nemelex Xobeh
 17930 | D:10     | Gained mutation: You are weak. (Str -2) [potion of mutation]
 17930 | D:10     | Gained mutation: You heal slowly when monsters are visible. [potion of mutation]
 17930 | D:10     | Lost mutation: You heal slowly when monsters are visible. [potion of mutation]
 17930 | D:10     | Killed from afar by a gargoyle

Action                   |  1- 3 |  4- 6 |  7- 9 | 10-12 || total
-------------------------+-------+-------+-------+-------++-------
Melee: Short sword       |    73 |       |       |       ||    73
       Mace              |    42 |       |    55 |   364 ||   461
       Whip              |    65 |   109 |   610 |   812 ||  1596
       Unarmed           |       |       |       |     9 ||     9
       Great mace        |       |       |       |    89 ||    89
 Cast: Shroud of Golubri |       |       |       |     1 ||     1
Invok: Draw One          |       |       |    10 |    17 ||    27
       Triple Draw       |       |       |       |     5 ||     5
Evoke: Wand              |     4 |    17 |     1 |    18 ||    40
  Use: Scroll            |     5 |     1 |    14 |     9 ||    29
       Potion            |     2 |       |     4 |     7 ||    13
 Stab: Sleeping          |     2 |     6 |    27 |     9 ||    44
       Confused          |       |     2 |       |       ||     2
       Invisible         |       |       |     5 |       ||     5
       Distracted        |       |       |       |     2 ||     2
